[Event "World Senior chT-50 2019"]
[Site "Rhodes"]
[Date "2019.04.19"]
[Round "4.5"]
[White "Olafsson, Helgi"]
[Black "Speelman, Jon S"]
[Result "1/2-1/2"]
[ECO "C11"]
[WhiteElo "2506"]
[BlackElo "2509"]
[PlyCount "96"]
[EventDate "2019.04.16"]
[EventType "team-tourn"]
[EventCountry "GRE"]
[TimeControl "40/5400+30:1800+30"]

1. d4 e6 2. e4 d5 3. Nc3 Nf6 4. e5 Nfd7 5. f4 c5 6. Nf3 Nc6 7. Be3 a6 8. Qd2 cxd4 9. Nxd4 Bc5 10. Nce2 O-O 11. g3 Ndxe5 12. fxe5 Nxe5 13. Qc3 Bd6 14. Bh3 Bd7 15. b3 Ng6 16. O-O e5 17. Bxd7 exd4 18. Bxd4 Qxd7 19. Bxg7 Rac8 20. Qb2 Rfe8 21. Nd4 Bc5 22. Rf2 Re4 23. Kh1 Bxd4 24. Bxd4 Qg4 25. c3 Rce8 26. Qd2 Qh5 27. Raf1 Re2 28. Qd3 Rxf2 29. Rxf2 Re1+ 30. Kg2 Qg4 31. h3 Qe4+ 32. Qxe4 dxe4 33. Rf6 Re2+ 34. Kf1 Rxa2 35. Rb6 f5 36. Rxb7 f4 37. gxf4 Nxf4 38. Rg7+ Kf8 39. Rxh7 Ne2 40. Rh4 Nxd4 41. cxd4 Rb2 42. Rxe4 Rxb3 43. h4 a5 44. Ke2 a4 45. Re5 a3 46. Ra5 Rh3 47. Kd2 Rxh4 48. Rxa3 Rxd4+ 1/2-1/2

[Event "World Senior chT-50 2019"]
[Site "Rhodes"]
[Date "2019.04.19"]
[Round "4.6"]
[White "Arkell, Keith C"]
[Black "Hjartarson, Johann"]
[Result "1-0"]
[ECO "A62"]
[WhiteElo "2467"]
[BlackElo "2520"]
[PlyCount "73"]
[EventDate "2019.04.16"]
[EventType "team-tourn"]
[EventCountry "GRE"]
[TimeControl "40/5400+30:1800+30"]

1. d4 Nf6 2. Nf3 e6 3. c4 c5 4. d5 exd5 5. cxd5 d6 6. Nc3 g6 7. g3 Bg7 8. Bg2 O-O 9. O-O a6 10. a4 Re8 11. Nd2 Nbd7 12. Nc4 Ne5 13. Nxe5 Rxe5 14. Bf4 Re8 15. Qc2 Ng4 16. h3 Ne5 17. b3 Rb8 18. Rab1 Bd7 19. Rfc1 b5 20. axb5 axb5 21. b4 cxb4 22. Rxb4 Nc4 23. Ne4 Rc8 24. Qd1 Qe7 25. g4 h6 26. Rcb1 f5 27. Ng3 fxg4 28. hxg4 Bxg4 29. Rxb5 Na3 30. Rb7 Qf6 31. R1b4 Rc2 32. Be3 Rc4 33. Qa4 Qa1+ 34. Kh2 Rec8 35. Ra7 Rxb4 36. Qxb4 Nc2 37. Qxg4 1-0

[Event "World Senior chT-50 2019"]
[Site "Rhodes"]
[Date "2019.04.19"]
[Round "4.8"]
[White "Plaskett, H James"]
[Black "Thorhallsson, Throstur"]
[Result "1/2-1/2"]
[ECO "D37"]
[WhiteElo "2437"]
[BlackElo "2425"]
[PlyCount "69"]
[EventDate "2019.04.16"]
[EventType "team-tourn"]
[EventCountry "GRE"]
[TimeControl "40/5400+30:1800+30"]

1. c4 e6 2. d4 d5 3. Nc3 Nf6 4. Bf4 Be7 5. Nf3 O-O 6. e3 c6 7. c5 Nbd7 8. h3 Re8 9. b4 Bf8 10. Bd3 g6 11. O-O Nh5 12. Bh2 f5 13. Ne5 Nxe5 14. Bxe5 ({Reject} 14. dxe5 a5 $11) 14... Bg7 15. Ne2 $14 Bd7 16. a4 a6 17. Rb1 Rf8 18. Bd6 Rf7 19. b5 axb5 20. axb5 Qe8 21. bxc6 Bxc6 22. f4 Bf8 23. Bxf8 Qxf8 24. g4 fxg4 25. hxg4 Nf6 26. Ng3 Ra3 27. g5 Ne4 28. Bxe4 dxe4 29. Rb3 Qa8 30. Rxa3 Qxa3 31. Qc1 Qb3 32. Rf2 Rf8 33. Rb2 Qa3 34. Rc2 Qb3 35. Rb2 1/2-1/2

[Event "World Senior chT-50 2019"]
[Site "Rhodes"]
[Date "2019.04.19"]
[Round "4.9"]
[White "Soffer, Ram"]
[Black "Godena, Michele"]
[Result "1/2-1/2"]
[ECO "A21"]
[WhiteElo "2486"]
[BlackElo "2459"]
[PlyCount "51"]
[EventDate "2019.04.16"]
[EventType "team-tourn"]
[EventCountry "GRE"]
[TimeControl "40/5400+30:1800+30"]

1. c4 e5 2. Nc3 Bb4 3. Nd5 Bc5 4. b4 Bd4 5. Rb1 c6 6. e3 cxd5 7. exd4 d6 8. dxe5 dxe5 9. Nf3 Bf5 10. Rb3 Nd7 11. Nxe5 Nxe5 12. Re3 Ne7 13. Rxe5 O-O 14. d4 Re8 15. Be2 dxc4 16. Bxc4 Nc6 17. Rxe8+ Qxe8+ 18. Be3 Nxb4 19. O-O Qd7 20. Qb3 Nc6 21. Qb5 Rd8 22. d5 Ne7 23. Bxa7 Qxb5 24. Bxb5 Nxd5 25. Rd1 Be6 26. Bc4 1/2-1/2

[Event "World Senior chT-50 2019"]
[Site "Rhodes"]
[Date "2019.04.19"]
[Round "4.10"]
[White "Garcia Palermo, Carlos"]
[Black "Manor, Ilan"]
[Result "1-0"]
[ECO "E14"]
[WhiteElo "2407"]
[BlackElo "2461"]
[PlyCount "121"]
[EventDate "2019.04.16"]
[EventType "team-tourn"]
[EventCountry "GRE"]
[TimeControl "40/5400+30:1800+30"]

1. d4 Nf6 2. c4 e6 3. Nf3 b6 4. e3 Bb7 5. Bd3 d5 6. b3 Bd6 7. Bb2 O-O 8. O-O Nbd7 9. Nc3 Re8 10. cxd5 exd5 11. Rc1 a6 12. Ne2 Ne4 13. Ng3 Re6 14. Qc2 Rc8 15. Rfd1 Nxg3 16. hxg3 g6 17. Qe2 a5 18. a4 Bf8 19. Bb5 Bg7 20. Rc2 c6 21. Bd3 Ba8 22. Kf1 Qe7 23. Ra1 Re8 24. Ba3 Qd8 25. Rd1 h5 26. Qd2 Bh6 27. b4 Bf8 28. Ra2 axb4 29. Bxb4 c5 30. dxc5 bxc5 31. Ba5 Qe7 32. Bb5 Rc8 33. Bc3 Nf6 34. Ba1 Ne4 35. Qb2 d4 36. exd4 Bg7 37. Qc1 Rd6 38. Re1 Qd8 39. dxc5 Rxc5 40. Rc2 Rxc2 41. Qxc2 Bxa1 42. Rxa1 Qb6 43. Qe2 Qc5 44. Re1 g5 45. Qe3 Qxe3 46. Rxe3 g4 47. Ng5 Nxg5 48. Re8+ Kg7 49. Rxa8 Ne4 50. Ke2 Nc3+ 51. Ke3 Nd1+ 52. Ke2 Nc3+ 53. Ke3 Nd1+ 54. Kf4 Nxf2 55. a5 Nd1 56. Ke5 Rd2 57. a6 Rxg2 58. Rd8 Rb2 59. a7 Rxb5+ 60. Rd5 Rb6 61. a8=Q 1-0

[Event "World Senior chT-50 2019"]
[Site "Rhodes"]
[Date "2019.04.19"]
[Round "4.11"]
[White "Kaspi, Alexander"]
[Black "Bellia, Fabrizio"]
[Result "1/2-1/2"]
[ECO "E49"]
[WhiteElo "2452"]
[BlackElo "2447"]
[PlyCount "140"]
[EventDate "2019.04.16"]
[EventType "team-tourn"]
[EventCountry "GRE"]
[TimeControl "40/5400+30:1800+30"]

1. d4 Nf6 2. c4 e6 3. Nc3 Bb4 4. e3 O-O 5. Bd3 d5 6. Nge2 dxc4 7. Bxc4 c5 8. a3 Bxc3+ 9. bxc3 Qc7 10. Ba2 e5 11. f3 b6 12. O-O Ba6 13. d5 c4 14. e4 Nbd7 15. Bg5 h6 16. Be3 Ne8 17. Ng3 Nd6 18. f4 Rae8 19. f5 f6 20. Qg4 Kh8 21. Bb1 Nc5 22. Bc2 Nb5 23. Ne2 Bc8 24. Qf3 Kg8 25. g4 Kf7 26. a4 Nd6 27. Ng3 Bd7 28. h4 Rh8 29. Kg2 Ke7 30. a5 bxa5 31. Qf2 Rc8 32. g5 hxg5 33. hxg5 Nd3 34. Qf3 Rb8 35. Ra2 Rh4 36. Bxd3 cxd3 37. Rh1 Rxh1 38. Nxh1 Qxc3 39. Nf2 Rb2 40. Rxb2 Qxb2 41. gxf6+ gxf6 42. Qg4 Ne8 43. Qd1 Bb5 44. Bxa7 a4 45. Bc5+ Kd8 46. Qh5 d2 47. Qf3 Qc1 48. Ba3 Qf1+ 49. Kg3 Qg1+ 50. Kh4 Qg5+ 51. Kh3 Bf1+ 52. Kh2 Qf4+ 53. Qxf4 exf4 54. Bb4 a3 55. Bxd2 a2 56. Bc3 Ke7 57. Kg1 Be2 58. Nh3 f3 59. e5 fxe5 60. Bxe5 Nd6 61. f6+ Kf7 62. Kf2 Ne4+ 63. Ke3 Nxf6 64. Ba1 Nxd5+ 65. Kf2 Kg6 66. Ng1 Nb4 67. Nxe2 fxe2 68. Kxe2 Nc2 69. Bb2 a1=Q 70. Bxa1 Nxa1 1/2-1/2

[Event "World Senior chT-50 2019"]
[Site "Rhodes"]
[Date "2019.04.19"]
[Round "4.12"]
[White "Bruno, Fabio"]
[Black "Gruenfeld, Yehuda"]
[Result "1/2-1/2"]
[ECO "D00"]
[WhiteElo "2433"]
[BlackElo "2428"]
[PlyCount "81"]
[EventDate "2019.04.16"]
[EventType "team-tourn"]
[EventCountry "GRE"]
[TimeControl "40/5400+30:1800+30"]

1. d4 Nf6 2. Bg5 d5 3. e3 c6 4. Nd2 Nbd7 5. Ngf3 g6 6. Be2 Bg7 7. O-O O-O 8. h3 c5 9. c3 b6 10. b4 c4 11. a4 Bb7 12. Qc2 a6 13. Rfe1 b5 14. a5 $11 Re8 15. Bf4 Ne4 16. Bh2 f5 17. Nf1 e6 18. Rad1 Qe7 19. Ne5 Ndf6 20. f3 Nd6 21. Nd2 Rf8 22. Bf1 Rad8 23. Re2 Qe8 24. Rde1 g5 25. g4 fxg4 26. hxg4 Nf7 27. Bg2 Nd7 28. f4 Nf6 29. Bf3 Nxe5 30. fxe5 Nd7 31. Rf2 Qe7 32. Nf1 Rf7 33. Ng3 Rdf8 34. Ref1 Qe8 35. Nh5 Bc6 36. Bg3 Qa8 37. Qd2 Qd8 38. Bh2 Bb7 39. Qe2 Qa8 40. Bg3 Bc6 41. Bh2 1/2-1/2

[Event "World Senior chT-50 2019"]
[Site "Rhodes"]
[Date "2019.04.19"]
[Round "4.15"]
[White "Salonen, Jyrki"]
[Black "Llanos, Guillermo"]
[Result "1/2-1/2"]
[ECO "A07"]
[WhiteElo "2162"]
[BlackElo "2293"]
[PlyCount "81"]
[EventDate "2019.04.16"]
[EventType "team-tourn"]
[EventCountry "GRE"]
[TimeControl "40/5400+30:1800+30"]

1. g3 e5 2. Bg2 d5 3. d3 Nc6 4. Nf3 Nf6 5. O-O Be7 6. c3 a5 7. e4 dxe4 8. dxe4 Qxd1 9. Rxd1 Nxe4 10. Nxe5 Nxe5 11. Bxe4 Bg4 12. Re1 Nf3+ 13. Bxf3 Bxf3 14. Bf4 Rc8 15. Na3 Bc6 16. Nc4 b6 17. Rad1 Bd7 18. Rxd7 Kxd7 19. Ne5+ Ke6 20. Ng6+ Kf6 21. Nxe7 Rhe8 22. Nd5+ Kf5 23. Kf1 Rxe1+ 24. Kxe1 Ke4 25. c4 b5 26. Nc3+ Kd3 27. cxb5 Kc2 28. Nd5 c6 29. b6 cxd5 30. b7 Re8+ 31. Kf1 d4 32. b8=Q Rxb8 33. Bxb8 d3 34. Bf4 d2 35. Bxd2 Kxd2 36. b3 Kc3 37. Ke2 Kb2 38. Kd2 Kxa2 39. Kc2 Ka3 40. Kc3 h5 41. Kd4 1/2-1/2

[Event "World Senior chT-50 2019"]
[Site "Rhodes"]
[Date "2019.04.19"]
[Round "4.16"]
[White "Perez Wertheim, Rodolfo"]
[Black "Fieandt, John"]
[Result "0-1"]
[ECO "A48"]
[WhiteElo "1914"]
[BlackElo "2151"]
[PlyCount "142"]
[EventDate "2019.04.16"]
[EventType "team-tourn"]
[EventCountry "GRE"]
[TimeControl "40/5400+30:1800+30"]

1. d4 Nf6 2. Nf3 g6 3. Bg5 Bg7 4. Nbd2 d6 5. e4 Nbd7 6. Bc4 Nb6 7. Bb3 h6 8. Bf4 a5 9. a4 g5 10. Bg3 Nh5 11. Ne5 dxe5 12. Qxh5 e6 13. dxe5 Qe7 14. f4 Bd7 15. O-O O-O-O 16. Nf3 gxf4 17. Bh4 Qc5+ 18. Kh1 Rdf8 19. Qg4 Rhg8 20. Qxf4 Bc6 21. Bf6 Bxf6 22. exf6 h5 23. Ne5 Nd7 24. Nxc6 Qxc6 25. h3 Rg6 26. Qh4 Qc5 27. Rf2 Qe5 28. Raf1 Kb8 29. c3 Rfg8 30. Bd1 Rg5 31. Rd2 Nc5 32. Bc2 b6 33. Qf4 Kc8 34. Qxe5 Rxe5 35. Rf4 Rg6 36. Kh2 Nd7 37. Rdf2 Reg5 38. Bd3 Ne5 39. Be2 Kb7 40. Rh4 Rh6 41. Kg1 Ng6 42. Rhf4 Nxf4 43. Rxf4 c6 44. Kf2 Kc7 45. b4 Kd6 46. h4 Rgg6 47. Kf3 Ke5 48. bxa5 bxa5 49. g3 Rxf6 50. Ke3 c5 51. Bf3 Rhg6 52. Rxf6 Kxf6 53. Kf2 Rh6 54. Ke3 Ke5 55. Be2 f5 56. exf5 Kxf5 57. Kd3 Ke5 58. Kc4 Kd6 59. Kb5 Rg6 60. Bxh5 Rxg3 61. Kxa5 Rh3 62. Be8 Rxh4 63. Kb6 Rc4 64. a5 Rxc3 65. a6 Ra3 66. Bb5 Kd5 67. a7 Rxa7 68. Kxa7 c4 69. Kb6 e5 70. Bc6+ Kd4 71. Kb5 c3 0-1

[Event "World Senior chT-50 2019"]
[Site "Rhodes"]
[Date "2019.04.19"]
[Round "4.19"]
[White "Brendel, Oliver"]
[Black "Fraser-Mitchell, Jeremy N"]
[Result "1-0"]
[ECO "A26"]
[WhiteElo "2339"]
[BlackElo "2073"]
[PlyCount "81"]
[EventDate "2019.04.16"]
[EventType "team-tourn"]
[EventCountry "GRE"]
[TimeControl "40/5400+30:1800+30"]

1. c4 e5 2. g3 Nc6 3. Nc3 g6 4. Bg2 Bg7 5. e4 Nge7 6. Nge2 O-O 7. d3 d6 8. O-O f5 9. Nd5 h6 {[%emt 0:05:53] A26: English Opening vs King's Indian with ...Nc6 and d3} (9... Kh8 10. Be3 Be6 11. Qd2 Qd7 12. Rae1 Ng8 13. b4 Nd8 14. exf5 Bxf5 15. d4 Nf7 16. b5 Bh3 17. f3 Bxg2 18. Kxg2 {½-½ (28) Gorovets,A (2505)-Smirin,I (2663) Arlington 2015}) 10. f4 Kh7 11. Kh1 $146 ({Predecessor:} 11. Rb1 Be6 12. b4 Rb8 13. b5 Nd4 14. Nxd4 exd4 15. Re1 fxe4 16. Nxe7 Qxe7 17. Bxe4 Qd7 18. Qf3 Bg4 19. Qg2 Bh3 20. Qf3 Bg4 21. Qg2 Bh3 22. Qf3 Bg4 {½-½ (22) Lehtisalo,M (2107)-Sipila,M (2002) Finland 2015}) 11... Be6 12. Be3 Qd7 13. Qd2 Rf7 14. d4 exd4 15. Nxd4 Nxd4 16. Bxd4 Raf8 17. Bxg7 Rxg7 18. Qd4 Rgf7 19. Qxa7 fxe4 20. Bxe4 Nf5 $16 21. Rfe1 c6 22. Qf2 b5 23. b3 Ng7 24. Nb4 bxc4 25. bxc4 Rc8 26. Qb6 Bxc4 27. Nxc6 Nf5 28. Bg2 h5 29. Nd4 Ne7 30. Nf3 Kh6 31. Ng5 Rff8 32. a4 Bd5 33. Bxd5 Nxd5 34. Qb5 Qf5 35. Rad1 Rc5 36. Qb7 Nxf4 37. gxf4 Qxf4 38. Ne6 Qf6 39. Nxc5 dxc5 40. Rd7 Qf2 41. Rh7+ 1-0

[Event "World Senior chT-50 2019"]
[Site "Rhodes"]
[Date "2019.04.19"]
[Round "4.20"]
[White "Homer, Stephen J"]
[Black "Maier, Christian"]
[Result "1/2-1/2"]
[ECO "C78"]
[WhiteElo "2039"]
[BlackElo "2325"]
[PlyCount "94"]
[EventDate "2019.04.16"]
[EventType "team-tourn"]
[EventCountry "GRE"]
[TimeControl "40/5400+30:1800+30"]

1. e4 e5 2. Nf3 Nc6 3. Bb5 a6 4. Ba4 Nf6 5. O-O b5 6. Bb3 Bc5 7. c3 d6 8. d4 Bb6 9. h3 O-O 10. Re1 Bb7 11. a4 h6 12. axb5 axb5 13. Rxa8 Qxa8 14. d5 Ne7 15. Be3 Bxe3 16. Rxe3 Bc8 17. Na3 Bd7 18. Nc2 Ng6 19. Nb4 Qa7 20. Kh2 Nh7 21. g4 Ng5 22. Nxg5 hxg5 23. Nd3 Ra8 24. Re1 Qb8 25. Qc1 Qd8 26. c4 bxc4 27. Bxc4 Qf6 28. Qe3 Nh4 29. Rc1 Nf3+ 30. Kg2 Nd4 31. Ne1 Rb8 32. Nf3 Rxb2 33. Nxg5 g6 34. Nf3 Nxf3 35. Qxf3 Qg5 36. Qc3 Rd2 37. Ra1 Qf4 38. Qf3 Rc2 39. Qxf4 exf4 40. Bd3 Rc3 41. Rd1 Kg7 42. Be2 g5 43. Rd3 Rc2 44. Bd1 Rc1 45. Bf3 Kf6 46. Rd1 Rc2 47. Rh1 Rc3 1/2-1/2

[Event "World Senior chT-50 2019"]
[Site "Rhodes"]
[Date "2019.04.19"]
[Round "4.22"]
[White "Grabuzova, Tatiana"]
[Black "Ross, Paul"]
[Result "1-0"]
[ECO "A87"]
[WhiteElo "2323"]
[BlackElo "2237"]
[PlyCount "69"]
[EventDate "2019.04.16"]
[EventType "team-tourn"]
[EventCountry "GRE"]
[TimeControl "40/5400+30:1800+30"]

1. d4 g6 2. c4 f5 3. Nc3 Nf6 4. Nf3 Bg7 5. g3 O-O 6. Bg2 d6 7. O-O Na6 8. Rb1 c6 9. b4 Nc7 10. b5 cxb5 11. cxb5 h6 12. d5 Rf7 13. e3 Nd7 14. Nd4 Nc5 15. Bb2 Bd7 16. f4 Rc8 17. e4 fxe4 18. Nxe4 Nxd5 19. Nxd6 Ne3 20. Nxf7 Nxd1 21. Nxd8 Nxb2 22. Bd5+ Kh7 23. N8e6 Nxe6 24. Nxe6 Bf6 25. Rfc1 Rxc1+ 26. Rxc1 Bxb5 27. Rc7 a6 28. g4 Bd3 29. g5 hxg5 30. fxg5 Be5 31. Rxe7+ Kh8 32. Re8+ Kh7 33. Nf8+ Kg7 34. Nd7 Bd4+ 35. Kg2 1-0

[Event "World Senior chT-50 2019"]
[Site "Rhodes"]
[Date "2019.04.19"]
[Round "4.23"]
[White "Barron, Michael"]
[Black "Fatalibekova, Elena"]
[Result "1-0"]
[ECO "B36"]
[WhiteElo "2124"]
[BlackElo "2148"]
[PlyCount "94"]
[EventDate "2019.04.16"]
[EventType "team-tourn"]
[EventCountry "GRE"]
[TimeControl "40/5400+30:1800+30"]

1. e4 c5 2. Nf3 Nc6 3. d4 cxd4 4. Nxd4 g6 5. c4 Nf6 6. Nc3 Nxd4 7. Qxd4 d6 8. Be3 Bg7 9. Be2 O-O 10. Qd2 Be6 11. Rc1 a6 12. O-O Rc8 13. b3 Re8 14. f4 Qa5 15. Nd5 Qxd2 16. Nxf6+ Bxf6 17. Bxd2 Bd4+ 18. Kh1 a5 19. a4 b6 20. Rcd1 Bc5 21. Bc3 Red8 22. Rd3 f5 23. Bf3 fxe4 24. Bxe4 Rf8 25. g3 Bf5 26. Re1 Rc7 27. Bd5+ e6 28. Bxe6+ Bxe6 29. Rxe6 Kf7 30. Re2 Re8 31. Rxe8 Kxe8 32. Rd1 Kf7 33. Kg2 Re7 34. Re1 Rxe1 35. Bxe1 Ke6 36. Kf3 d5 37. cxd5+ Kxd5 38. Bc3 h5 39. h3 Bf8 40. Ke3 Bc5+ 41. Kd3 Bd6 42. Bd4 h4 43. gxh4 Bxf4 44. Bxb6 Bg3 45. Bxa5 Bxh4 46. Bb6 Kc6 47. Bd4 Kd5 1-0

[Event "World Senior chT-50 2019"]
[Site "Rhodes"]
[Date "2019.04.19"]
[Round "4.24"]
[White "Titorenko, Natalia I"]
[Black "Chernik, Dmitry"]
[Result "1/2-1/2"]
[ECO "B50"]
[WhiteElo "2153"]
[BlackElo "1868"]
[PlyCount "102"]
[EventDate "2019.04.16"]
[EventType "team-tourn"]
[EventCountry "GRE"]
[TimeControl "40/5400+30:1800+30"]

1. e4 c5 2. Nf3 Nc6 3. Nc3 d6 4. d3 g6 5. Be3 Bg7 6. Qd2 Nd4 7. Nd1 Nf6 8. Nxd4 cxd4 9. Bxd4 O-O 10. f3 e5 11. Be3 Be6 12. c4 b6 13. Be2 Rb8 14. O-O Nh5 15. d4 Qe7 16. g3 Rbc8 17. Rc1 Bh3 18. Rf2 f5 19. Bg5 Bf6 20. Bxf6 Qxf6 21. d5 fxe4 22. fxe4 Qg7 23. Bxh5 gxh5 24. Rxf8+ Rxf8 25. Nf2 Bg4 26. Rf1 Bf3 27. Qe3 Qg6 28. Nh3 Bxe4 29. Rxf8+ Kxf8 30. Nf2 Bb1 31. Qa3 h4 32. Qf3+ Ke7 33. a3 hxg3 34. hxg3 h6 35. b4 e4 36. Qe3 Qg5 37. Qxg5+ hxg5 38. Nd1 Kf6 39. Kf2 Ke5 40. Ke3 Bd3 41. Nf2 Bxc4 42. Nxe4 Bxd5 43. Nxg5 Ba2 44. Nf3+ Kd5 45. Kd3 Bb1+ 46. Kc3 Bg6 47. Nd4 Be8 48. Kd3 Bd7 49. Nf3 Bf5+ 50. Kc3 Ke4 51. Nd2+ Kd5 {[%emt 0:02:09] Kd4+ Kxd4} 1/2-1/2

[Event "World Senior chT-50 2019"]
[Site "Rhodes"]
[Date "2019.04.19"]
[Round "4.25"]
[White "Wallner, Joachim"]
[Black "Zimmermann, Rolf"]
[Result "1-0"]
[ECO "A06"]
[WhiteElo "2271"]
[BlackElo "2086"]
[PlyCount "145"]
[EventDate "2019.04.16"]
[EventType "team-tourn"]
[EventCountry "GRE"]
[TimeControl "40/5400+30:1800+30"]

1. b3 d5 2. Bb2 c6 3. Nf3 Nf6 4. e3 Bg4 5. Be2 e6 6. h3 Bxf3 7. Bxf3 Nbd7 8. d4 Be7 9. O-O O-O 10. c4 Rc8 11. Nd2 Qc7 12. Rc1 Qb8 13. Qe2 Rfe8 14. g4 h6 15. Bg2 Nf8 16. f4 Ng6 17. Qf2 Bd6 18. c5 Bc7 19. Bf3 Rf8 20. h4 Nd7 21. g5 f5 22. Qg3 Nxf4 23. exf4 Bxf4 24. Qg2 Be3+ 25. Kh1 hxg5 26. Rce1 Bxd2 27. Qxd2 g4 28. Bg2 Rce8 29. Bc1 Qd8 30. Qf2 Nf6 31. Bg5 Qd7 32. Bf4 Nh5 33. Bd6 f4 34. Bxf8 Ng3+ 35. Kg1 Rxf8 36. Re5 Nxf1 37. Bxf1 Qe7 38. Rg5 g3 39. Qf3 Qf6 40. Qd3 f3 41. Rxg3 Qxh4 42. Rh3 Qg4+ 43. Kh1 Rf5 44. Qe3 Rf4 45. Qg1 f2 46. Qg3 Qxg3 47. Rxg3 Rxd4 48. Re3 Rg4 49. Bg2 Rh4+ 50. Rh3 Rf4 51. Bf1 e5 52. Kg2 e4 53. b4 g6 54. a4 a6 55. b5 axb5 56. axb5 cxb5 57. Bxb5 d4 58. Bc4+ Kg7 59. Rb3 e3 60. Rxb7+ Kh6 61. c6 f1=Q+ 62. Bxf1 Rf2+ 63. Kg1 Rc2 64. c7 Kg5 65. Ba6 Rc1+ 66. Kg2 Kg4 67. Ra7 Rc2+ 68. Kf1 Rc1+ 69. Ke2 Rc2+ 70. Kd1 d3 71. Bxd3 Rc5 72. Ba6 Kf3 73. c8=Q 1-0

[Event "World Senior chT-50 2019"]
[Site "Rhodes"]
[Date "2019.04.19"]
[Round "4.26"]
[White "Hoehn, Michael"]
[Black "Denk, Adolf"]
[Result "1/2-1/2"]
[ECO "D79"]
[WhiteElo "2040"]
[BlackElo "2255"]
[PlyCount "76"]
[EventDate "2019.04.16"]
[EventType "team-tourn"]
[EventCountry "GRE"]
[TimeControl "40/5400+30:1800+30"]

1. Nf3 g6 2. d4 Bg7 3. c4 Nf6 4. g3 d5 5. Bg2 O-O 6. O-O c6 7. cxd5 cxd5 8. Nc3 Nc6 9. Ne5 e6 10. Nxc6 bxc6 11. Bf4 Nd7 12. Rc1 e5 13. Be3 Qf6 14. dxe5 Nxe5 15. Bd4 Re8 16. e3 Qe7 17. Bxe5 Bxe5 18. Qa4 Bd7 19. Qa6 Reb8 20. b3 h5 21. Na4 h4 22. Nc5 Be8 23. Rfe1 Rb5 24. Nd3 Bc7 25. Qa4 hxg3 26. hxg3 Bb6 27. Qf4 Bc7 28. Qd4 a5 29. Bf3 Bb6 30. Qe5 Ra7 31. Kg2 Qxe5 32. Nxe5 Rc7 33. Be2 Rc5 34. Rxc5 Bxc5 35. Rc1 Bd6 36. Nd3 Rb7 37. Nc5 Rb8 38. Bg4 f5 1/2-1/2

[Event "World Senior chT-50 2019"]
[Site "Rhodes"]
[Date "2019.04.19"]
[Round "4.27"]
[White "Ernst, Michael"]
[Black "Wolff, Peter"]
[Result "1-0"]
[ECO "D94"]
[WhiteElo "2184"]
[BlackElo "1893"]
[PlyCount "63"]
[EventDate "2019.04.16"]
[EventType "team-tourn"]
[EventCountry "GRE"]
[TimeControl "40/5400+30:1800+30"]

1. d4 d5 2. Nf3 Nf6 3. e3 c6 4. c4 g6 5. Nc3 Bg7 6. Be2 Bg4 7. b3 O-O 8. O-O Nbd7 9. Bb2 Re8 10. cxd5 cxd5 11. Ne5 Bxe2 12. Qxe2 a6 13. Rac1 Qa5 14. Nxd7 Nxd7 15. b4 Qd8 16. Nxd5 Rc8 17. Rxc8 Qxc8 18. Rc1 Qd8 19. Qc4 Nb6 20. Nxb6 Qxb6 21. h3 e6 22. Qc5 Qd8 23. a3 Bf8 24. Qc4 Bd6 25. Qc3 f6 26. Qc4 Kg7 27. e4 g5 28. d5 Bf4 29. Rd1 exd5 30. Rd3 Qb6 31. Rxd5 Kh6 32. Rd7 1-0

[Event "World Senior chT-50 2019"]
[Site "Rhodes"]
[Date "2019.04.19"]
[Round "4.28"]
[White "Theuer, Carsten"]
[Black "Kranzl, Peter"]
[Result "0-1"]
[ECO "B17"]
[WhiteElo "1868"]
[BlackElo "2145"]
[PlyCount "56"]
[EventDate "2019.04.16"]
[EventType "team-tourn"]
[EventCountry "GRE"]
[TimeControl "40/5400+30:1800+30"]

1. e4 c6 2. d4 d5 3. Nc3 dxe4 4. Nxe4 Nd7 5. Nf3 Ngf6 6. Ng3 e6 7. Bc4 Bd6 8. Ne2 Qc7 9. h3 O-O 10. Be3 c5 11. dxc5 Nxc5 12. Bxc5 Bxc5 13. Bd3 Qb6 14. O-O Qxb2 15. Qb1 Qxb1 16. Raxb1 b6 17. Ng3 Bb7 18. Ng5 Rfd8 19. N5e4 Nxe4 20. Bxe4 Bxe4 21. Nxe4 Be7 22. Rfd1 Rac8 23. Rxd8+ Rxd8 24. Re1 f5 25. Ng3 Kf7 26. Nf1 Rd4 27. Re2 Ra4 28. c3 Bf6 0-1

[Event "World Senior chT-50 2019"]
[Site "Rhodes"]
[Date "2019.04.19"]
[Round "4.29"]
[White "Kristiansen, Erling"]
[Black "Mitrandzas, Athanasios"]
[Result "1/2-1/2"]
[ECO "E11"]
[WhiteElo "2134"]
[BlackElo "2055"]
[PlyCount "37"]
[EventDate "2019.04.16"]
[EventType "team-tourn"]
[EventCountry "GRE"]
[TimeControl "40/5400+30:1800+30"]

1. d4 Nf6 2. c4 e6 3. Nf3 Bb4+ 4. Bd2 a5 5. Nc3 O-O 6. Qc2 d6 7. e4 e5 8. dxe5 dxe5 9. Rd1 Bg4 10. Be2 Nc6 11. Be3 Qe7 12. O-O Bxc3 13. bxc3 Rfd8 14. Rb1 b6 15. Rb5 Bxf3 16. Bxf3 Na7 17. Rbb1 Nd7 18. Be2 Nc5 19. Rfd1 1/2-1/2

[Event "World Senior chT-50 2019"]
[Site "Rhodes"]
[Date "2019.04.19"]
[Round "4.30"]
[White "Ilandzis, Spyridon"]
[Black "Semakoff, Aleks"]
[Result "1-0"]
[ECO "D02"]
[WhiteElo "2021"]
[BlackElo "2037"]
[PlyCount "74"]
[EventDate "2019.04.16"]
[EventType "team-tourn"]
[EventCountry "GRE"]
[TimeControl "40/5400+30:1800+30"]

1. d4 d5 2. Bf4 Bf5 3. Nf3 e6 4. e3 Bd6 5. Bg3 Nf6 6. c4 O-O 7. Nc3 c6 8. Qb3 Bxg3 9. hxg3 Qb6 10. c5 Qc7 11. Nh4 Bg4 12. Bd3 Nbd7 13. f4 b6 14. cxb6 axb6 15. Qc2 c5 16. Nb5 Qc6 17. Bxh7+ Nxh7 18. Qxh7+ Kxh7 19. Nf5+ Bh5 20. Ne7 g6 21. Nxc6 Kg7 22. Ne5 Nxe5 23. dxe5 Rh8 24. Kd2 Bg4 25. a3 f6 26. exf6+ Kxf6 27. Rh4 Rxh4 28. gxh4 e5 29. Nc3 Rd8 30. Rf1 e4 31. b4 Bf5 32. bxc5 bxc5 33. Rd1 d4 34. Ke1 Rd7 35. Na4 Rd5 36. Rc1 d3 37. Kd2 Rd8 1-0

[Event "World Senior chT-50 2019"]
[Site "Rhodes"]
[Date "2019.04.19"]
[Round "4.31"]
[White "Berg, Anders Hoyer"]
[Black "Hrisanthopoulos, Dimitrios"]
[Result "1/2-1/2"]
[ECO "B22"]
[WhiteElo "2046"]
[BlackElo "1995"]
[PlyCount "57"]
[EventDate "2019.04.16"]
[EventType "team-tourn"]
[EventCountry "GRE"]
[TimeControl "40/5400+30:1800+30"]

1. e4 c5 2. c3 Nf6 3. e5 Nd5 4. Nf3 e6 5. d4 cxd4 6. cxd4 d6 7. Bc4 Nc6 8. O-O Be7 9. Qe2 O-O 10. Nc3 Nxc3 11. bxc3 b6 12. Bd3 Bb7 13. Qe4 g6 14. Bh6 Re8 15. Rad1 Qc7 16. Qf4 dxe5 17. dxe5 Rad8 18. Rfe1 Rd5 19. c4 Rc5 20. Bg5 Na5 21. Bxe7 Qxe7 22. Ng5 Qf8 23. h4 Rec8 24. Ne4 Bxe4 25. Rxe4 Rd8 26. h5 Rc7 27. Be2 Nc6 28. Rxd8 Qxd8 29. h6 1/2-1/2

[Event "World Senior chT-50 2019"]
[Site "Rhodes"]
[Date "2019.04.19"]
[Round "4.32"]
[White "Papadimitriou, Loukas"]
[Black "Johnsen, Sylvia"]
[Result "1/2-1/2"]
[ECO "D35"]
[WhiteElo "1943"]
[BlackElo "1949"]
[PlyCount "105"]
[EventDate "2019.04.16"]
[EventType "team-tourn"]
[EventCountry "GRE"]
[TimeControl "40/5400+30:1800+30"]

1. d4 d5 2. c4 e6 3. Nc3 Nf6 4. Bg5 Be7 5. e3 Nbd7 6. cxd5 exd5 7. Bd3 h6 8. Bf4 c6 9. h3 O-O 10. Nf3 a6 11. O-O c5 12. Rc1 c4 13. Be2 b5 14. Ne5 Bb7 15. a3 Rc8 16. Bf3 Ne4 17. Bg4 f5 18. Bh5 Nxe5 19. Bxe5 Bd6 20. f4 Bc6 21. Nxe4 dxe4 22. Qe1 Be8 23. Bxe8 Rxe8 24. Qg3 Qd7 25. Qg6 Bxe5 26. fxe5 Rf8 27. Qxa6 f4 28. e6 Qc6 29. Qxc6 Rxc6 30. d5 Rd6 31. Rxf4 Rxf4 32. exf4 Rxd5 33. Re1 Rd4 34. Kf2 Rd2+ 35. Re2 Rd3 36. Rxe4 Kf8 37. e7+ Ke8 38. h4 Rb3 39. Re2 Rd3 40. h5 Rd5 41. g4 Rd3 42. Kg2 c3 43. bxc3 Rxc3 44. Re5 Rxa3 45. g5 b4 46. gxh6 gxh6 47. f5 Ra6 48. Rb5 Kxe7 49. Kf3 Kf6 50. Kf4 b3 51. Rxb3 Ra4+ 52. Kg3 Kxf5 53. Rb5+ {[%emt 0:00:10] Ke5 [%emt 00:00:28]} 1/2-1/2